 Dungeon Sprint DCSS version 0.26-a0-1013-gf6ffb0d6bd (webtiles) character file.

Game seed: 8089161480899046188

2824 mhtbhm the Spear-Bearer (level 9, -14/98 HPs)
             Began as a Naga Berserker on Dec 7, 2020.
             Was a High Priest of Trog.
             Demolished by a boulder beetle (22 damage)
             ... in the Dungeon (Sprint IX: "|||||||||||||||||||||||||||||").
             The game lasted 00:01:58 (1098 turns).

mhtbhm the Spear-Bearer (Naga Berserker)            Turns: 1098, Time: 00:01:59

Health: -14/98     AC: 13    Str: 25    XL:     9   Next: 73%
Magic:  3/3        EV:  7    Int:  9    God:    Trog [*****.]
Gold:   0          SH:  0    Dex: 10    Spells: 8/8 levels left

rFire    . . .     SeeInvis +   a - +3 glaive (antimagic)
rCold    . . .     Faith    .   (shield currently unavailable)
rNeg     . . .     Spirit   .   b - +0 plate armour
rPois    +         Reflect  .   (no helmet)
rElec    .         Harm     .   (no cloak)
rCorr    .         Rampage  .   (no gloves)
Will     +....     NoTele   +   (no barding)
Stlth    ..........             (no amulet)
HPRegen  0.26/turn              l - +2 ring of protection
MPRegen  0.08/turn              m - +3 ring of strength

@: short of breath, berserk cooldown, slowed, very slow
A: large, see invisible, deformed body, poison resistance, slowness 2, spit
poison 1, AC +3
a: Spit Poison, Berserk, Trog's Hand, Brothers in Arms, Renounce Religion


You were in the Dungeon.
You worshipped Trog.
Trog was extremely pleased with you.
You visited 1 branch

Inventory:

Hand Weapons
 a - a +3 antimagic glaive (weapon)
Armour
 b - a +0 plate armour (worn)
Jewellery
 l - a +2 ring of protection (left hand)
 m - a +3 ring of strength (right hand)
Wands
 k - a wand of iceblast (8)
Scrolls
 h - 3 scrolls of blinking
 j - 4 scrolls of remove curse
 n - a scroll of magic mapping
 o - 2 scrolls of fear
 p - a scroll of fog
Potions
 c - 9 potions of curing
 d - 5 potions of heal wounds
 e - a potion of haste
 f - 4 potions of magic
 g - a potion of berserk rage
 i - a potion of invisibility


   Skills:
 + Level 11.8 Fighting
 + Level 14.7 Polearms
 + Level 7.6 Armour
 + Level 6.1 Dodging


You had 8 spell levels left.
You didn't know any spells.
Your spell library was empty.

Dungeon Overview and Level Annotations

Branches:
Dungeon (1/1)

Altars:
Cheibriados
Dithmenos
Elyvilon
Fedhas
Gozag
Hepliaklqana
Kikubaaqudgha
Makhleb
Nemelex Xobeh
Okawaru
Qazlal
Ru
Sif Muna
Trog
Uskayaw
Vehumet
Wu Jian
Xom
Yredelemnul
Zin
The Shining One
Beogh
Jiyva
Lugonu


Innate Abilities, Weirdness & Mutations

You cannot wear boots.
Your serpentine skin is tough. (AC +3)
You have supernaturally acute eyesight. (SInv)
Armour fits poorly on your strangely shaped body.
Your system is resistant to poisons. (rPois)
You cover ground very slowly.
You can spit poison.


Message History

The boulder beetle is almost dead.
The boulder beetle bites you!!
Unknown command.
You slash the boulder beetle!
The boulder beetle is almost dead.
The boulder beetle bites you!
* * * LOW HITPOINT WARNING * * *
You hit the boulder beetle.
The boulder beetle is almost dead.
The boulder beetle bites you!
* * * LOW HITPOINT WARNING * * *
The boulder beetle closely misses you.
Unknown command.
Okay, then.
Press: ? - help, Shift-Dir - straight line, f/p - boulder beetle
Aim: a boulder beetle (almost dead)
The splash of poison hits the boulder beetle.
The boulder beetle is almost dead.
The boulder beetle bites you!!
You die...

▓▓▓▓▓▓▓▓▓▓▓▓▓▓▓▓▓▓▓▓▓▓▓▓▓▓▓▓▓▓▓▓▓
?.'________________________'....†
▓▓▓▓▓▓▓▓▓▓▓▓▓▓▓▓▓▓▓▓▓▓▓▓▓▓▓▓▓▓▓▓▓
.................................
▓▓▓▓▓▓▓▓▓▓▓▓▓▓▓▓▓▓▓▓▓▓▓▓▓▓▓▓▓▓▓▓▓
SlFFFl+...@B....')..).[)...
▓▓▓▓▓▓▓▓▓▓▓▓▓▓▓▓▓▓▓▓▓▓▓▓▓▓▓


You could see a boulder beetle.

Vanquished Creatures
  A hydra (D)
  A black mamba (D)
  A komodo dragon (D)
  A cane toad (D)
  A yak (D)
  An acid dragon (D)
  2 water moccasins (D)
  2 sky beasts (D)
  An ogre (D)
  2 centaurs (D)
  A big kobold (D)
  A bullfrog (D)
  A scorpion (D)
  A worker ant (D)
  An adder zombie (D)
  An adder skeleton (D)
  A worm (D)
  An orc (D)
  A ball python (D)
  A bat skeleton (D)
  A bat zombie (D)
  2 hobgoblins (D)
  A quokka (D)
  A bat (D)
  A kobold (D)
29 creatures vanquished.

Vanquished Creatures (collateral kills)
  A cane toad (D)
1 creature vanquished.

Vanquished Creatures (others)
  A sky beast (D)
1 creature vanquished.

Grand Total: 31 creatures vanquished

Notes
Turn   | Place    | Note
-------+----------+-------------------------------------------
     0 | D        | mhtbhm the Naga Berserker began the quest for the Orb.
     0 | D        | Reached XP level 1. HP: 21/21 MP: 1/1
    18 | D        | Reached ** piety under Trog
   154 | D        | Noticed a scorpion
   159 | D        | Killed a scorpion
   160 | D        | Reached skill level 5 in Fighting
   160 | D        | Reached skill level 5 in Polearms
   160 | D        | Reached XP level 2. HP: 32/32 MP: 2/2
   160 | D        | Reached XP level 3. HP: 39/39 MP: 3/3
   160 | D        | Reached *** piety under Trog
   161 | D        | Reached XP level 4. HP: 46/46 MP: 4/4
   180 | D        | Found a roughly hewn altar of Beogh.
   180 | D        | Found a snail-covered altar of Cheibriados.
   180 | D        | Found a shadowy altar of Dithmenos.
   180 | D        | Found a white marble altar of Elyvilon.
   180 | D        | Found a blossoming altar of Fedhas.
   180 | D        | Found an opulent altar of Gozag.
   181 | D        | Found a hazy altar of Hepliaklqana.
   182 | D        | Found a viscous altar of Jiyva.
   183 | D        | Found an ancient bone altar of Kikubaaqudgha.
   184 | D        | Found a corrupted altar of Lugonu.
   185 | D        | Found a burning altar of Makhleb.
   186 | D        | Found a sparkling altar of Nemelex Xobeh.
   187 | D        | Found an iron altar of Okawaru.
   188 | D        | Found a stormy altar of Qazlal.
   189 | D        | Found a sacrificial altar of Ru.
   190 | D        | Found a shimmering blue altar of Sif Muna.
   191 | D        | Found a bloodstained altar of Trog.
   192 | D        | Found a hide-covered altar of Uskayaw.
   193 | D        | Found a radiant altar of Vehumet.
   194 | D        | Found an ornate altar of the Wu Jian Council.
   199 | D        | Found a shimmering altar of Xom.
   200 | D        | Found a basalt altar of Yredelemnul.
   201 | D        | Found a glowing silver altar of Zin.
   202 | D        | Found a glowing golden altar of the Shining One.
   249 | D        | Noticed a sky beast
   249 | D        | Noticed a big kobold
   249 | D        | Noticed a centaur
   250 | D        | Reached **** piety under Trog
   255 | D        | Killed a centaur
   256 | D        | Reached skill level 7 in Polearms
   256 | D        | Reached XP level 5. HP: 42/56 MP: 5/5
   260 | D        | Killed a big kobold
   261 | D        | Reached skill level 8 in Polearms
   263 | D        | Reached XP level 6. HP: 44/67 MP: 6/6
   268 | D        | Killed a sky beast
   268 | D        | Reached ***** piety under Trog
   269 | D        | Reached skill level 9 in Polearms
   431 | D        | Noticed an acid dragon
   431 | D        | Noticed a sky beast
   431 | D        | Noticed a sky beast
   437 | D        | Killed a sky beast
   441 | D        | Killed a sky beast
   449 | D        | Killed an acid dragon
   450 | D        | Reached skill level 10 in Polearms
   450 | D        | Reached XP level 7. HP: 76/76 MP: 7/7
   454 | D        | Reached skill level 5 in Dodging
   455 | D        | Reached skill level 11 in Polearms
   614 | D        | Noticed a komodo dragon
   614 | D        | Noticed a cane toad
   614 | D        | Noticed a black mamba
   614 | D        | Noticed a yak
   619 | D        | Reached skill level 10 in Fighting
   619 | D        | Noticed a cane toad
   620 | D        | Killed a yak
   620 | D        | Received a gift from Trog
   621 | D        | Reached skill level 5 in Armour
   621 | D        | Reached XP level 8. HP: 86/86 MP: 8/8
   629 | D        | Killed a black mamba
   630 | D        | Reached skill level 12 in Polearms
   630 | D        | Noticed an eight-headed hydra
   634 | D        | Killed a cane toad
   637 | D        | Reached skill level 13 in Polearms
   640 | D        | Killed a komodo dragon
   641 | D        | Reached XP level 9. HP: 97/97 MP: 9/9
   643 | D        | Reached ****** piety under Trog
   649 | D        | Killed a 14-headed hydra
   649 | D        | Received a gift from Trog
   650 | D        | Reached skill level 14 in Polearms
   659 | D        | Killed a cane toad
  1067 | D        | Noticed a komodo dragon
  1067 | D        | Noticed a boulder beetle
  1067 | D        | Noticed a cane toad
  1067 | D        | Noticed a cane toad
  1098 | D        | Demolished by a boulder beetle

Illustrated notes

Levels and vault maps discovered:
D:        linesprint [early_d, line_temple, items_1, d_10, items_2, lair_1,
          lair_end, items_3, orc_1, orc_end, items_4, d_15, swamp_1, shoals_1,
          snake_1, spider_1, d_20, vaults_1, items_5, swamp_end, shoals_end,
          snake_end, spider_end, vaults_end, d_27, items_6, zot_1, zot_end,
          crypt_end, forest_end, elf_end, slime_end, tomb_end, abyss_end,
          pan_hell_end]

Skill      XL: |  1  2  3  4  5  6  7  8  9 |
---------------+----------------------------+-----
Fighting       | 5 6 7 9 10 11 | 11.8
Polearms       | 5 7 8 10 11 13 14 | 14.7
Armour         | 2 3 4 5 6 7 |  7.6
Dodging        | 2 3 4 5 6 |  6.1

Action                   |  1- 3 |  4- 6 |  7- 9 || total
-------------------------+-------+-------+-------++-------
Melee: Spear             |    26 |    12 |       ||    38
       Halberd           |       |    34 |    48 ||    82
       Glaive            |       |       |     7 ||     7
Invok: Berserk           |     1 |     2 |     2 ||     5
       Brothers in Arms  |       |       |     2 ||     2
 Abil: Spit Poison       |       |     2 |     3 ||     5
Evoke: Wand              |       |       |     2 ||     2
Armor: Animal skin       |     3 |     1 |       ||     4
       Plate armour      |       |    18 |    31 ||    49
Dodge: Dodged            |    15 |     9 |    14 ||    38

Table legend: (Time is in decaauts)
 A = Elapsed time spent in this place.
 B = Non-inter-level travel time spent in this place.
 C = Inter-level travel time spent in this place.
 D = Time resting spent in this place.
 E = Time spent auto-exploring this place.
 F = Levels seen in this place.
 G = Mean time per level.
                   A        B        C        D        E       F      G
               +--------+--------+--------+--------+--------+-----+--------+
         Total |   1206 |   1206 |      0 |    693 |    149 |   1 | 1206.0 |
       Dungeon |   1206 |   1206 |      0 |    693 |    149 |   1 | 1206.0 |
               +--------+--------+--------+--------+--------+-----+--------+

Top non-repeatable levels by time:
       D: 1206 daAuts
